 Dungeon Crawl Stone Soup version 0.30-a0-614-ge5ea1257c2 (webtiles) character file.

Game seed: 8846130130025668831

0 Ijustatesigmund the Chiller (level 1, -1/13 HPs)
             Began as a Barachi Ice Elementalist on Jan 9, 2023.
             Slain by a ball python (3 damage)
             ... on level 1 of the Dungeon.
             The game lasted 00:00:38 (55 turns).

Ijustatesigmund the Chiller (BaIE)                    Turns: 55, Time: 00:00:39

Health: -1/13      AC:  2    Str:  9    XL:     1   Next: 10%
Magic:  1/3        EV: 12    Int: 15    God:
Gold:   0          SH:  0    Dex: 12    Spells: 3/4 levels left

rFire   . . .      SeeInvis .    (no weapon)
rCold   . . .      Faith    .    (no shield)
rNeg    . . .      Spirit   .    a - +0 robe
rPois   .          Reflect  .    (no helmet)
rElec   .          Harm     .    (no cloak)
rCorr   .          Rampage  .    (no gloves)
Will    .....                    (no boots)
Stlth   ++                       (no amulet)
HPRegen 0.22/turn                (no ring)
MPRegen 0.08/turn                (no ring)

@: slow
A: amphibious, slowness 1, strong legs 1, +LOS
a: Hop


You were on level 1 of the Dungeon.
You visited 1 branch of the dungeon, and saw 1 of its levels.

Inventory:

Armour
 a - a +0 robe (worn)
Potions
 b - a potion of magic


   Skills:
 + Level 0.1 Fighting
 - Level 2.1 Dodging
 - Level 1.7 Stealth
 - Level 2.1 Spellcasting
 + Level 4.8 Ice Magic


You had 3 spell levels left.
You knew the following spells:

 Your Spells              Type           Power      Damage    Failure   Level
a - Freeze                Ice            64%        1d7       3%          1

Your spell library contained the following spells:

 Spells                   Type           Power      Damage    Failure   Level
 Frozen Ramparts          Ice            32%        1d5       9%          3
 Ozocubu's Armour         Ice            16%        N/A       9%          3
 Summon Ice Beast         Ice/Summ       8%         N/A       63%         4


Dungeon Overview and Level Annotations

Branches:
Dungeon (1/15)

Altars:


Innate Abilities, Weirdness & Mutations

You are amphibious.
You cover ground slowly.
You can hop short distances.
You have an extended range of vision and can be seen from far away.


Message History

You freeze the dart slug.
The dart slug is heavily wounded.
A frilled lizard comes into view.
The dart slug bites you.
Casting: Freeze (safe; 3% risk of failure)
Confirm with . or Enter, or press ? or * to list all spells.
Aiming: Freeze (safe; 3% risk of failure)
Press: ? - help, Shift-Dir - straight line, f/p - dart slug
Aim: a dart slug (heavily wounded)
You freeze the dart slug.
The dart slug is almost dead.
The frilled lizard hisses angrily.
The ball python hisses angrily.
Casting: Freeze (safe; 3% risk of failure)
Confirm with . or Enter, or press ? or * to list all spells.
You don't have enough magic to cast this spell.
The dart slug launches a dart at you. The slug dart hits you.
The dart slug launches a dart at you. The slug dart misses you.
The slug dart hits the plant.
The plant begins to die.
There is an open door here.
You enter the shallow water.
The dart slug launches a dart at you. The slug dart hits you.
A nearby plant withers and dies.
As you open the door, it creaks loudly!
A kobold and a rat come into view.
The kobold shouts!
The kobold throws a stone.
The stone closely misses you.
Found three items.
The ball python attacks as you move away!
The ball python barely misses you.
Found an escape hatch in the floor.
The kobold throws a stone.
The stone closely misses you.
The stone hits the plant.
The plant begins to die.
There is an open door here.
The ball python attacks as you move away!
The ball python bites you. The ball python misses you. The rat bites you.
* * * LOW HITPOINT WARNING * * *
The ball python bites you.
You die...

#≈~≈~..<# #~~P.####
#P.≈.PPP# #≈~P..~.#
#P≈...≈≈# #~~.l...#
## #P.PP...#
.....####S#####'###
........@.#
#..w######.
.........r#
###........
.....!.:..#
#........
..........#
#........
.##.......#
#........ #K......#
#...?....
..)......#
#l.......
####.....>.
#........ #......#
#........


You could see a ball python, a kobold, a frilled lizard and a rat.

Vanquished Creatures
  A frilled lizard (D:1)
1 creature vanquished.

Vanquished Creatures (others)
  A plant (D:1)
1 creature vanquished.

Grand Total: 2 creatures vanquished

Notes
Turn   | Place    | Note
-------+----------+-------------------------------------------
     0 | D:1      | Ijustatesigmund the Barachi Ice Elementalist began the
                  | quest for the Orb.
     0 | D:1      | Reached XP level 1. HP: 13/13 MP: 3/3
    55 | D:1      | Slain by a ball python

Illustrated notes

Levels and vault maps discovered:
D:1:      lightli_arrival_flooded_house, layout_basic, minmay_misc_feat_tiny

Action                   || total
-------------------------++-------
 Cast: Freeze            ||     4
Dodge: Dodged            ||     6

Table legend: (Time is in decaauts)
 A = Elapsed time spent in this place.
 B = Non-inter-level travel time spent in this place.
 C = Inter-level travel time spent in this place.
 D = Time resting spent in this place.
 E = Time spent auto-exploring this place.
 F = Levels seen in this place.
 G = Mean time per level.
                   A        B        C        D        E       F      G
               +--------+--------+--------+--------+--------+-----+--------+
         Total |     61 |     61 |      0 |     12 |     16 |   1 |   61.0 |
       Dungeon |     61 |     61 |      0 |     12 |     16 |   1 |   61.0 |
               +--------+--------+--------+--------+--------+-----+--------+

Top non-repeatable levels by time:
     D:1: 61 daAuts
